 Dungeon Crawl Stone Soup version bcrawl-1.38.2 (webtiles) character file.

Game seed: 118385965075711628

92815 SneedManIsMyWife the Ruffian (level 2, -3/19 HPs)
             Began as a Skeleton Martial Artist on Apr 27, 2023.
             Was a Follower of Wu Jian.
             Slain by a hound (4 damage)
             ... on level 2 of the Dungeon.
             The game lasted 00:01:02 (1045 turns).

SneedManIsMyWife the Ruffian (SkMA)                 Turns: 1045, Time: 00:01:03

Health: -3/19      AC:  2    Str: 17 (18) XL:     2   Next: 68%
Magic:  0/4        EV: 12    Int:  6 (7)  God:    Wu Jian [*.....]
Gold:   111        SH:  0    Dex: 11      Spells: 3/4 levels left

rFire    . . .     GDR:     23%   - Fists (8.8)
rCold    + . .     SeeInvis .   (no shield)
rNeg     + + +     Gourm    .   a - +0 robe
rPois    ∞         Faith    .   (no helmet)
rElec    .         Spirit   +   (no cloak)
rCorr    .         Reflect  .   (no gloves)
MR       .....                  (no boots)
Stlth    ++........             (no amulet)
HPRegen  0.13/turn              (no ring)
MPRegen  0.09/turn              (no ring)

@: no status effects
A: no food or potions, cold resistance 1, deterioration 1, negative energy
resistance 3, torment resistance, unbreathing, magic shield, sturdy frame 1,
spell healing
a: Wall Jump, Renounce Religion


You were on level 2 of the Dungeon.
You worshipped Wu Jian.
Wu Jian was aware of your devotion.
You were not hungry.

You visited 1 branch of the dungeon, and saw 2 of its levels.

You collected 111 gold pieces.

Inventory:

Missiles
 d - 45 poisoned tomahawks (quivered)
Armour
 a - a +0 robe (worn)
Scrolls
 b - a scroll of blinking {unknown}
 c - a scroll of remove curse {unknown}
 e - a scroll of teleportation {unknown}


   Skills:
 + Level 3.5 Fighting
 - Level 3.0 Dodging
 - Level 1.2 Stealth
 + Level 4.0 Unarmed Combat
 - Level 1.5 Spellcasting
 - Level 1.1 Hexes


You had 3 spell levels left.
You knew the following spells:

 Your Spells              Type           Power        Failure   Level  Hunger
a - Confusing Touch       Hex            #.......     28%         1    N/A
Your spell library was empty.

Dungeon Overview and Level Annotations

Branches:
Dungeon (2/12)

Altars:


Innate Abilities, Weirdness & Mutations

You do not eat or drink.
You are immune to poison.
Your flesh is cold resistant. (rC+)
Your body sometimes deteriorates upon taking damage.
You are immune to negative energy. (rN+++)
You are immune to unholy pain and torment.
You can survive without breathing.
When hurt, damage is shared between your health and your magic reserves.
Your movements are slightly less encumbered by armour. (ER -2)
Casting spells heals you.


Message History

There is an open door here.
As you open the door, it creaks loudly!
There is an open door here.
There is a stone staircase leading down here.
Key pressed, stopping explore.
Partly explored, can't reach some items.
Partly explored, can't reach some items.
Partly explored, can't reach some items.
Partly explored, can't reach some items.
You see here a viscous dark potion.
There is a stone staircase leading down here.
You climb downwards.
A hobgoblin and a kobold come into view.
There is a stone staircase leading up here.
There are monsters nearby!
You lunge at the kobold.
The helpless kobold fails to defend itself.
You hit the kobold.
You kill the kobold!
The Council accepts your kill.
The hobgoblin shouts!
You lunge at the hobgoblin.
You closely miss the hobgoblin. The hobgoblin barely misses you.
You hit the hobgoblin.
The hobgoblin is severely wounded.
The hobgoblin closely misses you.
You hit the hobgoblin.
You kill the hobgoblin!
The Council accepts your kill.
You see here a cursed -1 club.
No target in view!
Key pressed, stopping explore.
No target in view!
You now have 111 gold pieces (gained 12).
There is a stone staircase leading up here.
You see here a kobold corpse.
e - a scroll labeled IJUFAMNOCK No target in view!
A bat comes into view.
A phantom comes into view.
You have encountered a dangerous foe!
The bat closely misses you. The bat hits you.
You punch the bat!
You kill the bat!
The Council accepts your kill.
A hound comes into view.
There are monsters nearby!
There are monsters nearby!
The hound barks!
You barely miss the phantom. The phantom misses you. The hound misses you.
You closely miss the phantom. The hound closely misses you.
The phantom hits you.
You barely miss the hound. The hound misses you. The phantom hits you.
You hit the phantom.
The phantom is lightly damaged.
The hound bites you.
Your body deteriorates!
You feel weakened. The phantom hits you!
* * * LOW HITPOINT WARNING * * *
The phantom blinks!
The hound closely misses you.
You can't drink.
Okay, then.
Okay, then.
Throwing (i - inventory)
d - 50 poisoned tomahawks (quivered)
Press: ? - help, Shift-Dir - straight line, f - hound
Aim: a hound You throw a poisoned tomahawk.
The poisoned tomahawk hits the hound.
The hound is poisoned.
The hound is lightly wounded.
The hound barely misses you. The hound bites you.
* * * LOW HITPOINT WARNING * * *
Throwing (i - inventory)
d - 49 poisoned tomahawks (quivered)
Press: ? - help, Shift-Dir - straight line, f/p - hound
Aim: a hound (lightly wounded, poisoned)
You throw a poisoned tomahawk.
The poisoned tomahawk closely misses the hound.
The hound bites you.
* * * LOW HITPOINT WARNING * * *
The hound closely misses you.
Throwing (i - inventory)
d - 48 poisoned tomahawks (quivered)
Press: ? - help, Shift-Dir - straight line, f/p - hound
Aim: a hound (moderately wounded, poisoned)
You throw a poisoned tomahawk. The poisoned tomahawk misses the hound.
The hound barely misses you. The hound bites you but does no damage.
Okay, then.
Throwing (i - inventory)
d - 47 poisoned tomahawks (quivered)
Press: ? - help, Shift-Dir - straight line, f/p - hound
Aim: a hound (moderately wounded, poisoned)
You throw a poisoned tomahawk.
The poisoned tomahawk closely misses the hound.
The hound barely misses you.
The phantom blinks!
The hound closely misses you.
Throwing (i - inventory)
d - 46 poisoned tomahawks (quivered)
Press: ? - help, Shift-Dir - straight line, f/p - hound
Aim: a hound (moderately wounded, poisoned)
You throw a poisoned tomahawk.
The poisoned tomahawk barely misses the hound.
The hound bites you.
* * * LOW HITPOINT WARNING * * *
The hound bites you.
You die...

......# ......# ..
#.....# #.# #.....#
.# #..## #W....#
.###...###§....# ..
#.......# #. #.
#....h..# #.
#.###...@...# .###
#. #..####.#####
...##.###..##..#
#......<.†##.##
#.........##.#
#............#
#....).......###
#........##....###
.....#########.....#


You could see a phantom and a hound.

Vanquished Creatures
  2 leopard geckos (D:1)
  3 goblins (D:1)
  2 hobgoblins
  4 bats
  A frilled lizard (D:1)
  5 kobolds
  3 rats (D:1)
20 creatures vanquished.

Notes
Turn   | Place    | Note
-------+----------+-------------------------------------------
     0 | D:1      | SneedManIsMyWife the Skeleton Martial Artist began the
                  | quest for the Orb.
     0 | D:1      | Reached XP level 1. HP: 14/14 MP: 3/3
   329 | D:1      | Reached XP level 2. HP: 19/19 MP: 4/4
   785 | D:1      | Reached skill level 4 in Unarmed Combat
  1032 | D:2      | Noticed a phantom
  1042 | D:2      | HP: 1/19 [hound (3)]
  1045 | D:2      | Slain by a hound

Skill      XL: |  1  2 |
---------------+-------+-----
Unarmed Combat | 4 |  4.0
Fighting       | |  3.5
Dodging        | |  3.0
Stealth        | |  1.2
Spellcasting   | |  1.5
Hexes          | |  1.1

Action                   || total
-------------------------++-------
Melee: Unarmed           ||    57
Throw: Tomahawk          ||     5
Invok: Lunge             ||    10
       Whirlwind         ||     1
 Stab: Sleeping          ||     4
Armor: Robe              ||     3
Dodge: Dodged            ||    32

Levels and vault maps discovered:
D:1:      lemuel_arrival_tunnels, layout_loops_corners
D:2:      layout_rooms, uniq_jessica

Table legend:
 A = Turns spent in this place as a percentage of turns spent in the entire game.
 B = Non-inter-level travel turns spent in this place as a percentage of non-inter-level travel turns spent in the entire game.
 C = Inter-level travel turns spent in this place as a percentage of turns spent in this place.
 D = Turns resting spent in this place as a percentage of non-inter-level travel turns spent in this place.
 E = Turns spent auto-exploring this place as a percentage of non-inter-level travel turns spent in this place.
 F = Non-inter-level travel turns spent in this place divided by the number of levels of this place that you've seen.
                   A       B       C       D       E      F
               +-------+-------+-------+-------+-------+----------------------
         Total | 100.0 | 100.0 |   2.9 |   0.0 |  86.3 | 507.5
       Dungeon | 100.0 | 100.0 |   2.9 |   0.0 |  86.3 | 507.5
               +-------+-------+-------+-------+-------+----------------------

Table legend:
 A = Kills in this place as a percentage of kills in entire the game.
 B = Kills by you in this place as a percentage of kills by you in the entire game.
 C = Kills by friends in this place as a percentage of kills by friends in the entire game.
 D = Other kills in this place as a percentage of other kills in the entire game.
 E = Experience gained in this place as a percentage of experience gained in the entire game.
 F = Experience gained in this place divided by the number of levels of this place that you have seen.
                   A       B       C       D       E      F
               +-------+-------+-------+-------+-------+----------------------
         Total | 100.0 | 100.0 |   N/A |   N/A | 100.0 |  16.0
       Dungeon | 100.0 | 100.0 |   N/A |   N/A | 100.0 |  16.0
               +-------+-------+-------+-------+-------+----------------------
